[Event "*** Titled Tuesday Blitz"]
[Site "Chess.com"]
[Date "2020.05.26"]
[Round "1"]
[White "Doraemon7"]
[Black "RobPeresian"]
[Result "1-0"]
[WhiteElo "2634"]
[BlackElo "2298"]
[TimeControl "180+1"]
[EndTime "10:06:29 PDT"]
[Termination "Doraemon7 won on time"]

1. Nf3 d5 2. g3 Bg4 3. Bg2 Nd7 4. d4 c6 5. O-O Ngf6 6. Nbd2 g6 7. b3 Bg7 8. Bb2 O-O 9. h3 Bxf3 10. Nxf3 Ne4 11. c4 a5 12. Qc2 a4 13. Rac1 axb3 14.
Qxb3 Qb6 15. cxd5 Qxb3 16. axb3 cxd5 17. Rc7 Rfd8 18. Rxb7 Ra2 19. Rb1 e6 20. Bf1 h6 21.
e3 g5 22. Bb5 Nf8 23. Rb6 Rc8 24. Ra6 Rxa6 25. Bxa6 Rc2 26. Bd3 Rc7 27. b4 Nd7 28.
b5 Nb6 29. Bxe4 dxe4 30. Nd2 f5 31. Ba3 Rc2 32. Bc5 1-0

[Event "*** Titled Tuesday Blitz"]
[Site "Chess.com"]
[Date "2020.05.26"]
[Round "1"]
[White "ElliPaehtz"]
[Black "TheSodabread"]
[Result "1-0"]
[WhiteElo "2478"]
[BlackElo "2008"]
[TimeControl "180+1"]
[EndTime "10:06:29 PDT"]
[Termination "ElliPaehtz won on time"]

1. d4 Nf6 2. Nf3 g6 3. Bg5 Bg7 4. Nbd2 d5 5. c3 O-O 6. e3 b6 7. Be2 Ba6 8. Bxa6 Nxa6 9. O-O c5 10. Ne5 Nb8 11. Qa4 Nfd7 12. Nd3 f6 13. Bh4 Qc7 14. Bg3 Qc6 15. Qa3 e5 16. Rac1 e4 17. Nf4 g5 18.
Ne2 h5 19. h4 Rf7 20. c4 dxc4 21. Nxc4 Nf8 22. Nd6 Rd7 23. dxc5 bxc5 24. Rxc5 Qb6 25.
Nc4 Qe6 26. Nd4 Qf7 27. Nf5 Ng6 28. Rc8+ Kh7 29. Ncd6 Qe6 30. Nxg7 Rxg7 31. hxg5 fxg5 32. Qc3 h4 33. Bh2 g4 34. Ne8 Rg8 35. Nf6+ 1-0

[Event "*** Titled Tuesday Blitz"]
[Site "Chess.com"]
[Date "2020.05.26"]
[Round "1"]
[White "Jadeit90"]
[Black "Sippp"]
[Result "0-1"]
[WhiteElo "2323"]
[BlackElo "2685"]
[TimeControl "180+1"]
[EndTime "10:06:30 PDT"]
[Termination "Sippp won by resignation"]

1. g3 c5 2. Bg2 Nc6 3. e4 g6 4.
Nc3 Bg7 5. d3 Nf6 6. Be3 d6 7.
h3 Rb8 8. a4 O-O 9. Nge2 a6 10.
O-O Nd7 11. d4 cxd4 12. Nxd4 Nde5 13. b3 Nxd4 14. Bxd4 Be6 15. f4 Nc6 16. Bxg7 Kxg7 17. f5 Qa5 18. Qd3 Bd7 19. Nd5 f6 20. c4 Qc5+ 21. Kh2 Nb4 22. Nxb4 Qxb4 23. Rad1 Bc6 24.
fxg6 hxg6 25. e5 fxe5 26. Rxf8 Rxf8 27. Bxc6 bxc6 28. Rd2 Qc5 29. h4 Rf2+ 30. Rxf2 Qxf2+ 31. Kh3 Qf5+ 32. Qxf5 gxf5 33. Kg2 c5 34. Kf3 Kg6 35. Ke3 Kh5 36. Kf3 e6 37. a5 Kg6 38. Ke3 e4 39.
Kf4 e5+ 40. Ke3 Kh5 41. Ke2 Kg4 42. Kf2 f4 43. gxf4 exf4 0-1

[Event "*** Titled Tuesday Blitz"]
[Site "Chess.com"]
[Date "2020.05.26"]
[Round "1"]
[White "AwareIdea"]
[Black "Grineva_Marianna"]
[Result "1-0"]
[WhiteElo "2507"]
[BlackElo "2124"]
[TimeControl "180+1"]
[EndTime "10:06:30 PDT"]
[Termination "AwareIdea won on time"]

1. c4 e5 2. Nc3 d6 3. Nf3 Be7 4. e3 f5 5. d4 Nc6 6. Nd5 Nf6 7. Nxe7 Qxe7 8. Be2 O-O 9. O-O h6 10. b3 e4 11. Nh4 Qf7 12. g3 g5 13. Ng2 Kh7 14. Bb2 d5 15. f3 Qg6 16. fxe4 dxe4 17. d5 Nd8 18. Qd4 Bd7 19. Rf2 c6 20. Rc1 Rc8 21. Rff1 b6 22. Ba3 c5 23. Qc3 Nf7 24.
Bb2 Nd6 25. Qe5 Nde8 26. h4 Ng7 27. Qd6 Rf7 28. hxg5 hxg5 29. Kf2 1-0

[Event "*** Titled Tuesday Blitz"]
[Site "Chess.com"]
[Date "2020.05.26"]
[Round "1"]
[White "1Przemyslaw1"]
[Black "Raja3401"]
[Result "0-1"]
[WhiteElo "2342"]
[BlackElo "2706"]
[TimeControl "180+1"]
[EndTime "10:06:31 PDT"]
[Termination "Raja3401 won on time"]

1. d4 Nf6 2. c4 e6 3. Nf3 d5 4. Nc3 c6 5. e3 Nbd7 6. Qc2 Bd6 7. Bd3 O-O 8. O-O dxc4 9. Bxc4 b5 10. Be2 Bb7 11.
Rd1 Qc7 12. e4 e5 13. g3 Rfe8 14. Bg5 exd4 15. Nxd4 b4 16. Nf5 Bc5 17. Bf4 Qa5 18. Na4 Bxf2+ 19. Kxf2 Nxe4+ 20. Kf1 Qxf5 21. Bd3 c5 22. Kg1 Ndf6 23. Rac1 Rad8 24. Bf1 h6 25. b3 g5 26. Bc7 Rxd1 27. Rxd1 Nd5 0-1

[Event "*** Titled Tuesday Blitz"]
[Site "Chess.com"]
[Date "2020.05.26"]
[Round "1"]
[White "RobertPrieb2007"]
[Black "Msb2"]
[Result "1-0"]
[WhiteElo "2443"]
[BlackElo "2869"]
[TimeControl "180+1"]
[EndTime "10:06:32 PDT"]
[Termination "RobertPrieb2007 won by resignation"]

1. d4 d5 2. c4 c6 3. Nf3 Nf6 4. Nc3 dxc4 5. a4 Bf5 6. e3 e6 7. Bxc4 Bb4 8. O-O O-O 9. Qe2 Bg6 10. e4 Bxc3 11. bxc3 Nxe4 12. Ba3 Re8 13. Qb2 Qc7 14. Ne5 Nd7 15. f3 Nef6 16. Nxg6 hxg6 17. Rfb1 b6 18. Re1 c5 19. Bb5 a6 20. Bxd7 Nxd7 21. Rab1 cxd4 22. cxd4 Qc6 23. Qb3 Rec8 24. Rbc1 Qb7 25. Rxe6 Rxc1+ 26. Bxc1 Nc5 27. dxc5 fxe6 28. Qxe6+ Qf7 29. Qxf7+ Kxf7 30. cxb6 Rd8 31. Kf2 Rd4 32. Ba3 Rd3 33. Bc5 a5 34. Ke2 Rc3 35. Bb4 Rb3 36. Bxa5 Ke6 37. Kd2 Kd5 38.
Kc2 Kc5 39. Kxb3 1-0

[Event "*** Titled Tuesday Blitz"]
[Site "Chess.com"]
[Date "2020.05.26"]
[Round "1"]
[White "VincentKeymer"]
[Black "Irochka83"]
[Result "1-0"]
[WhiteElo "2819"]
[BlackElo "2406"]
[TimeControl "180+1"]
[EndTime "10:06:32 PDT"]
[Termination "VincentKeymer won on time"]

1. Nf3 c5 2. c4 Nc6 3. Nc3 g6 4. g3 Bg7 5. Bg2 e6 6. d4 cxd4 7. Nb5 d5 8. cxd5 exd5 9. O-O Nge7 10. Nbxd4 O-O 11. Bg5 Qd6 12. a3 Nf5 13. Bf4 Qe7 14. Nxc6 bxc6 15. Rc1 Bxb2 16. Rxc6 Bxa3 17. Bg5 Qe8 18.
Rc3 Bb4 19. Rb3 a5 20. g4 Nd6 21. Bh6 Bxg4 22. Qd4 Nf5 23. Qxg4 Nxh6 24. Qh3 Nf5 25. Ng5 h6 26. Nf3 Qxe2 27. Nh4 Nxh4 28. Qxh4 Qd2 29. Rh3 h5 30. Rg3 1-0

[Event "*** Titled Tuesday Blitz"]
[Site "Chess.com"]
[Date "2020.05.26"]
[Round "1"]
[White "Two_Towers_Krakow"]
[Black "OparinGrigoriy"]
[Result "0-1"]
[WhiteElo "2432"]
[BlackElo "2901"]
[TimeControl "180+1"]
[EndTime "10:06:34 PDT"]
[Termination "OparinGrigoriy won by resignation"]

1. d4 Nf6 2. c4 e6 3. Nc3 Bb4 4. e3 O-O 5. Ne2 d5 6. a3 Bd6 7. c5 Be7 8. b4 b6 9. Bb2 a5 10.
f4 axb4 11. axb4 Rxa1 12. Bxa1 Nc6 13. Qb3 bxc5 14. bxc5 Ba6 15. Qa4 Qa8 16. Bb2 Rb8 17. Bc1 Nb4 18. Ng3 Bxf1 19. Qxa8 Rxa8 20. Rxf1 Ng4 21.
h3 Nh2 22. Rh1 Bh4 23. Ne2 Ra2 24. Rxh2 Nd3+ 25. Kd1 Nf2+ 26. Ke1 Ne4 27. Rh1 Rxe2+ 28. Kxe2 Nxg3+ 29. Kf3 Nxh1 30. Kg4 Be1 31. Kf3 Ng3 32. c6 Ne4 33. Ba3 Ba5 34. Ke2 f6 35. Kd3 Kf7 36. g4 Nf2+ 0-1

[Event "*** Titled Tuesday Blitz"]
[Site "Chess.com"]
[Date "2020.05.26"]
[Round "1"]
[White "Shield12"]
[Black "woodhy"]
[Result "1-0"]
[WhiteElo "2828"]
[BlackElo "2409"]
[TimeControl "180+1"]
[EndTime "10:06:35 PDT"]
[Termination "Shield12 won by resignation"]

1. e4 e6 2. d4 d5 3. Nd2 c5 4. Ngf3 Nc6 5. exd5 exd5 6. Bb5 Bd6 7. dxc5 Bxc5 8.
O-O Ne7 9. Nb3 Bd6 10. Bg5 O-O 11.
Bh4 Bg4 12. Re1 Re8 13. Bg3 Bxg3 14. hxg3 Qb6 15. Bd3 Nf5 16. Bxf5 Bxf5 17. c3 Be4 18. Nfd4 h6 19. Qd2 a5 20. a4 Ne5 21. f3 Bg6 22.
Kh2 Nc4 23. Qf2 Re5 24. Rxe5 Nxe5 25. Nc1 Re8 26. b3 Qc5 27. Qd2 h5 28. Nce2 Qc7 29.
Nf4 h4 30. Re1 hxg3+ 31. Kxg3 Rd8 32. Kf2 Bh7 33. Kg1 Nc6 34. Nb5 Qb6+ 35. Kf1 Qc5 36.
Nxd5 Bd3+ 37. Qxd3 Rxd5 38. Re8+ 1-0

[Event "*** Titled Tuesday Blitz"]
[Site "Chess.com"]
[Date "2020.05.26"]
[Round "1"]
[White "ChronicUnhappiness"]
[Black "hitaman"]
[Result "1-0"]
[WhiteElo "2287"]
[BlackElo "2593"]
[TimeControl "180+1"]
[EndTime "10:06:35 PDT"]
[Termination "ChronicUnhappiness won by resignation"]

1. c4 e6 2. Nf3 d5 3. e3 Nf6 4.
Nc3 b6 5. b3 Bb7 6. cxd5 exd5 7. Bb2 a6 8. d4 Bd6 9. Bd3 Nbd7 10. O-O Qe7 11. Re1 O-O 12. Rc1 Rfe8 13. Ne2 Ne4 14. Ng3 g6 15. Qe2 f5 16. Bxe4 dxe4 17. Ne5 Nf6 18.
Nc6 Qe6 19. d5 Nxd5 20. Qc4 b5 21. Qd4 Nf6 22. Qxf6 Qxf6 23. Bxf6 Re6 24. Bg5 Ba3 25. Nd4 Bxc1 26. Nxe6 Ba3 27. Rd1 Kf7 28. Nd8+ 1-0

[Event "*** Titled Tuesday Blitz"]
[Site "Chess.com"]
[Date "2020.05.26"]
[Round "1"]
[White "Swarajan"]
[Black "LizaSolovyova"]
[Result "0-1"]
[WhiteElo "2000"]
[BlackElo "2478"]
[TimeControl "180+1"]
[EndTime "10:06:35 PDT"]
[Termination "LizaSolovyova won by resignation"]

1. d4 f5 2. c4 Nf6 3. Nc3 e6 4. Nf3 Be7 5. g3 O-O 6. Bg2 d6 7. O-O Qe8 8. Qc2 Qg6 9. b4 Ne4 10. Nxe4 fxe4 11. Nd2 d5 12. cxd5 exd5 13. Qxc7 Bxb4 14.
Nb3 Nc6 15. Nc5 Rf7 16. Nd7 Rxd7 17. Qf4 Nxd4 18. Kh1 Rf7 19. Qe5 Bc3 20. Ba3 Qe6 21.
Qxe6 Bxe6 22. Rac1 Rc8 23. e3 Nf3 24. Bxf3 exf3 25.
Rfd1 b5 26. e4 d4 27. Rd3 b4 28. Bxb4 Bxb4 29. Rxc8+ Bxc8 30. Rxd4 Bf8 31. h4 h5 32. Rd8 Bg4 33. e5 Re7 34. Ra8 Kf7 35. Kg1 g6 36. Kf1 Bg7 37. Ke1 Bxe5 38. Kf1 Bc3 39. Kg1 Re1+ 40.
Kh2 Bd4 41. Rd8 Bxf2 42. Rd2 Bg1+ 43. Kh1 Be3+ 44. Kh2 Bxd2 0-1

[Event "*** Titled Tuesday Blitz"]
[Site "Chess.com"]
[Date "2020.05.26"]
[Round "1"]
[White "JulAnt"]
[Black "A-Adly"]
[Result "1/2-1/2"]
[WhiteElo "2416"]
[BlackElo "2817"]
[TimeControl "180+1"]
[EndTime "10:06:36 PDT"]
[Termination "Game drawn by repetition"]

1. e4 c6 2. d4 d5 3. Nc3 dxe4 4. Nxe4 Bf5 5. Ng3 Bg6 6. h4 h6 7. Nf3 Nd7 8. h5 Bh7 9. Bd3 Bxd3 10. Qxd3 e6 11.
Bd2 Ngf6 12. O-O-O Be7 13. Kb1 O-O 14. Ne4 Nxe4 15.
Qxe4 Nf6 16. Qe2 Qd5 17. Be3 Ng4 18. Bf4 Qb5 19. Rd3 Bf6 20. Ne5 Nxe5 21. Bxe5 Bxe5 22. dxe5 Rad8 23. Rhd1 Rd5 24. f4 Rfd8 25. Qe3 Rxd3 26. Rxd3 Rxd3 27. cxd3 c5 28. Qe4 Qd7 29. g4 Kf8 30. g5 a6 31. a3 Ke7 32. gxh6 gxh6 33. Qh7 Qd4 34. Qxh6 Qxd3+ 35. Ka1 Qf1+ 36. Ka2 Qc4+ 37.
Ka1 Qc1+ 38. Ka2 Qc4+ 39. Ka1 Qf1+ 40. Ka2 Qc4+ 1/2-1/2

[Event "*** Titled Tuesday Blitz"]
[Site "Chess.com"]
[Date "2020.05.26"]
[Round "1"]
[White "CroissantNeuf"]
[Black "ameetghasi100"]
[Result "0-1"]
[WhiteElo "2350"]
[BlackElo "2711"]
[TimeControl "180+1"]
[EndTime "10:06:36 PDT"]
[Termination "ameetghasi100 won by resignation"]

1. e4 c6 2. Nc3 d5 3. Nf3 dxe4 4. Nxe4 Nf6 5. Qe2 Nxe4 6. Qxe4 Qd5 7. Qf4 Qf5 8. Qe3 g6 9. Qc3 Qf6 10. Qxf6 exf6 11.
b3 Bg7 12. Bb2 O-O 13. O-O-O a5 14. a4 Bg4 15. Be2 Na6 16. Rhe1 Nb4 17. h3 Bf5 18. Nd4 Be4 19. Bf3 Bxf3 20. Nxf3 Nd5 21. g3 b5 22. axb5 cxb5 23. Nd4 a4 24. bxa4 bxa4 25. Ba3 Rfc8 26.
Nb5 Rc6 27. Re4 f5 28. Re2 Rac8 29. c3 Rb8 30. Rde1 Nf6 31. Nd4 Rc4 32. Re7 Ne4 33. Ra7 Bxd4 0-1

[Event "*** Titled Tuesday Blitz"]
[Site "Chess.com"]
[Date "2020.05.26"]
[Round "1"]
[White "Chessacademia"]
[Black "Lubov_Gordyk"]
[Result "0-1"]
[WhiteElo "2258"]
[BlackElo "2597"]
[TimeControl "180+1"]
[EndTime "10:06:36 PDT"]
[Termination "Lubov_Gordyk won by resignation"]

1. e4 g6 2. d4 Bg7 3. Nc3 d6 4. Be3 a6 5. a4 Nf6 6. f3 Nc6 7. Nge2 e5 8. g4 h5 9. g5 Ng8 10. Qd2 Nge7 11. h4 Rb8 12. a5 exd4 13. Nxd4 O-O 14. Be2 Ne5 15. O-O-O N7c6 16. Nd5 Be6 17. f4 Bxd5 18. exd5 Nxd4 19. Bxd4 Nd7 20. Bxg7 Kxg7 21. Qc3+ Kg8 22. Bd3 Re8 23. f5 Ne5 24. Rhf1 Qd7 25. fxg6 fxg6 26. Rf6 Rf8 27. Rdf1 Rxf6 28. Rxf6 Rf8 29.
Rxf8+ Kxf8 30. b3 Ke7 31. Kb2 Kd8 32. Qd4 Qg4 33. Qa7 Qxh4 34. Qxb7 Kd7 35. Qxa6 Qd4+ 36. Ka2 Nxd3 37. cxd3 Qxd5 38. d4 h4 39. Qe2 Qxa5+ 40. Kb2 Qxg5 41. b4 h3 42. Kc3 Qg3+ 43. Kc4 d5+ 44. Kxd5 Qg2+ 45. Qxg2 hxg2 0-1

[Event "*** Titled Tuesday Blitz"]
[Site "Chess.com"]
[Date "2020.05.26"]
[Round "1"]
[White "yobdc"]
[Black "RestartingChess"]
[Result "0-1"]
[WhiteElo "2009"]
[BlackElo "2479"]
[TimeControl "180+1"]
[EndTime "10:06:36 PDT"]
[Termination "RestartingChess won on time"]

1. c4 Nf6 2. Nc3 g6 3. e4 d6 4. d4 Bg7 5. Be2 O-O 6. Bg5 h6 7.
Be3 e5 8. d5 Nbd7 9. Qd2 Kh7 10. h4 Nc5 11. f3 a5 12. Nh3 Nh5 13. O-O-O f5 14. g4 Ng3 15. gxf5 gxf5 16. Rh2 f4 17. Bxc5 dxc5 18. Nf2 h5 19. Bf1 Bf6 20. Bh3 Rg8 21.
Bxc8 Rxc8 22. d6 c6 23. d7 Rc7 24. Qd6 Rg7 25. Qxc5 Rcxd7 26. Rxd7 Rxd7 27. Nh3 Nf1 28. Rf2 Ne3 29. b3 Be7 30. Qa7 Ba3+ 0-1

[Event "*** Titled Tuesday Blitz"]
[Site "Chess.com"]
[Date "2020.05.26"]
[Round "1"]
[White "Usurpov"]
[Black "GHANDEEVAM2003"]
[Result "0-1"]
[WhiteElo "2438"]
[BlackElo "2926"]
[TimeControl "180+1"]
[EndTime "10:06:38 PDT"]
[Termination "GHANDEEVAM2003 won by resignation"]

1. e4 e6 2. d4 d5 3. e5 c5 4. c3 Nc6 5. Nf3 Qb6 6. a3 c4 7.
Nbd2 Na5 8. Be2 Bd7 9. O-O Ne7 10. Re1 Qc7 11. Nf1 Nc8 12. Bf4 Nb6 13. Ng3 Ba4 14.
Qb1 O-O-O 15. Bd1 h6 16. Bxa4 Nxa4 17. Qc2 b5 18. h4 Be7 19. h5 Rdg8 20. Rad1 g5 21.
hxg6 fxg6 22. Bc1 Qd8 23. Ne2 g5 24. g3 h5 25. Kg2 g4 26. Nh2 h4 27. Nf4 Qd7 28. Rh1 Nb3 29. Be3 h3+ 30. Kf1 Bg5 31.
Ke2 Qf7 32. Rdg1 Bh6 33. f3 gxf3+ 34. Nxf3 Bxf4 35. Bxf4 Qh5 36. Kf2 Rf8 37. Rh2 Qg4 38. Rgh1 Rf5 39. Qe2 a5 40. Ng1 Rxf4+ 41. gxf4 Qxf4+ 42. Nf3 Qf5 43. Rg1 Rf8 44. Rg3 Qb1 45. Rgxh3 Nxb2 46. Rh8 Rxh8 47. Rxh8+ Kc7 48. Rh7+ Qxh7 0-1

[Event "*** Titled Tuesday Blitz"]
[Site "Chess.com"]
[Date "2020.05.26"]
[Round "1"]
[White "Flawless_Fighter"]
[Black "larisakalinina"]
[Result "1-0"]
[WhiteElo "2471"]
[BlackElo "1961"]
[TimeControl "180+1"]
[EndTime "10:06:38 PDT"]
[Termination "Flawless_Fighter won on time"]

1. e4 c5 2. Nf3 Nc6 3. Bb5 g6 4. Bxc6 dxc6 5. d3 Bg7 6. h3 e5 7. Nbd2 Qe7 8. a4 Nf6 9. Nc4 Nd7 10. a5 O-O 11. O-O Rd8 12. Bd2 Nf8 13. Qb1 f6 14. b4 cxb4 15. Bxb4 c5 16. Bc3 Ne6 17.
Ne3 Nd4 18. Bxd4 cxd4 19. Nd5 Qf7 20. Nd2 Be6 21. Qb3 Bxd5 22. exd5 Qxd5 23. Rfb1 Rab8 24. Ne4 Kf8 25. Qb4+ Kf7 26. Rb3 f5 27. Ng5+ Kg8 28.
Qb5 Qxb5 29. Rxb5 Bf6 30. Ne6 Rd6 31. Nc5 b6 32. Na4 1-0

[Event "*** Titled Tuesday Blitz"]
[Site "Chess.com"]
[Date "2020.05.26"]
[Round "1"]
[White "Cocaino74"]
[Black "Zurability"]
[Result "0-1"]
[WhiteElo "2359"]
[BlackElo "2722"]
[TimeControl "180+1"]
[EndTime "10:06:39 PDT"]
[Termination "Zurability won by resignation"]

1. e4 c5 2. Nf3 d6 3. Bb5+ Nd7 4. O-O a6 5. Bd3 Ngf6 6. c3 b5 7. a4 c4 8. Bc2 Bb7 9. axb5 axb5 10. Rxa8 Qxa8 11.
Na3 Bxe4 12. Nxb5 Qb7 13. Bxe4 Nxe4 14. Qa4 d5 15. Qa5 e6 16. b3 Bc5 17. Ba3 O-O 18.
Bxc5 Ndxc5 19. bxc4 dxc4 20. Qb4 Rb8 21. Rb1 Qd5 22.
Qa5 Nb3 23. Qa7 Qxb5 24. Nd4 Qb7 25. Qa4 Nexd2 26. Rb2 Ra8 27. Rxb3 0-1

[Event "*** Titled Tuesday Blitz"]
[Site "Chess.com"]
[Date "2020.05.26"]
[Round "1"]
[White "cioxminator"]
[Black "Sibelephant"]
[Result "0-1"]
[WhiteElo "2460"]
[BlackElo "3171"]
[TimeControl "180+1"]
[EndTime "10:06:41 PDT"]
[Termination "Sibelephant won on time"]

1. e4 c5 2. b4 cxb4 3. a3 b3 4. cxb3 d5 5. exd5 Nf6 6. Nc3 Nxd5 7. Bc4 Nxc3 8. dxc3 Qxd1+ 9. Kxd1 Nc6 10. Ke2 Bd7 11. Be3 Na5 12. Bd5 e6 13. Bf3 Nxb3 14. Rb1 Na5 15.
a4 Bxa4 16. Nh3 Be7 17. Nf4 Bb3 18. Rhc1 Ba2 19. Ra1 Bc4+ 20. Ke1 Bd8 21. Rcb1 O-O 22. Bxb7 Nxb7 23. Rxb7 a5 24. Bc5 Re8 25. f3 Bf6 26.
Kd2 Red8+ 27. Kc2 a4 28. Ba3 Bb3+ 0-1

[Event "*** Titled Tuesday Blitz"]
[Site "Chess.com"]
[Date "2020.05.26"]
[Round "1"]
[White "Roenko_Artur"]
[Black "suyu28"]
[Result "0-1"]
[WhiteElo "2289"]
[BlackElo "2623"]
[TimeControl "180+1"]
[EndTime "10:06:41 PDT"]
[Termination "suyu28 won by resignation"]

1. d4 Nf6 2. c4 e6 3. Nc3 c5 4. Nf3 cxd4 5. Nxd4 a6 6. g3 Qc7 7. b3 d5 8. Qd3 e5 9. Nc2 dxc4 10.
Qxc4 Qxc4 11. bxc4 Be6 12. Bg2 Nc6 13. Nd5 O-O-O 14.
e4 Nd7 15. Be3 Bc5 16. O-O Bxe3 17. Ncxe3 Nc5 18. Rab1 Nd4 19. Rfd1 Rd6 20. f4 f6 21. fxe5 fxe5 22. h3 Kb8 23. Kh2 Rf8 24. Rf1 Rdd8 25. g4 Ne2 26. Nf5 g6 27. Nfe3 Nf4 28. Nxf4 exf4 29. Nd5 g5 30. Rfd1 Rh8 31. Rf1 h5 32. gxh5 Rxh5 33. Kg1 Bxh3 34. Bxh3 Rxh3 35. Kg2 Rg3+ 36. Kf2 Nxe4+ 37. Ke1 Rxd5 38. cxd5 Re3+ 39. Kd1 Nc3+ 40. Kc2 Nxb1 41. Rxb1 f3 42. Rg1 f2 43. Rf1 Rf3 44. Kd2 Kc7 45. Ke2 g4 46. Rxf2 Rxf2+ 47. Kxf2 Kd6 48. Kg3 Kxd5 49. Kxg4 Kc4 50. Kf3 Kb4 51.
Ke2 Ka3 52. Kd3 Kxa2 0-1

[Event "*** Titled Tuesday Blitz"]
[Site "Chess.com"]
[Date "2020.05.26"]
[Round "1"]
[White "annamaja"]
[Black "SerGo055"]
[Result "0-1"]
[WhiteElo "2227"]
[BlackElo "2578"]
[TimeControl "180+1"]
[EndTime "10:06:41 PDT"]
[Termination "SerGo055 won by checkmate"]

1. e4 d5 2. exd5 Qxd5 3. Nc3 Qd8 4. d4 Nf6 5. Nf3 c6 6. Bc4 Bf5 7. O-O e6 8. Re1 Be7 9. Ne5 O-O 10. a4 Nbd7 11. a5 Nxe5 12. dxe5 Qxd1 13. Rxd1 Nd5 14. Nxd5 cxd5 15. Bd3 Bg6 16. Be3 Rfc8 17. Bxg6 hxg6 18.
c3 Bc5 19. Bd4 Rc6 20. g3 Rac8 21. Kg2 Kf8 22. Ra4 Ke7 23. Rda1 f6 24. Re1 f5 25. h4 Kd7 26. Rea1 a6 27. Bxc5 Rxc5 28. Rb4 R8c7 29.
Rb6 R5c6 30. Rxc6 Rxc6 31. Ra4 Rc5 32. Kf3 Kc6 33. Kf4 Kb5 34. Rb4+ Kxa5 35. Rxb7 Rc4+ 36. Kg5 Rg4# 0-1

[Event "*** Titled Tuesday Blitz"]
[Site "Chess.com"]
[Date "2020.05.26"]
[Round "1"]
[White "M1711"]
[Black "Ashedu66"]
[Result "1-0"]
[WhiteElo "2527"]
[BlackElo "2168"]
[TimeControl "180+1"]
[EndTime "10:06:43 PDT"]
[Termination "M1711 won on time"]

1. d4 d6 2. e4 g6 3. Nc3 Bg7 4.
Be3 c6 5. f3 Nd7 6. Qd2 b5 7.
O-O-O b4 8. Nce2 Qa5 9. Kb1 Rb8 10. h4 Nb6 11. Nc1 Na4 12. Nb3 Qb6 13. h5 a5 14.
h6 Bf6 15. g4 g5 16. e5 Nxb2 17.
Kxb2 a4 18. exf6 axb3 19. axb3 Nxf6 20. Bc4 Ba6 21. Bxa6 Qxa6 22. Ra1 Qb7 23. Bxg5 Nd5 24. Ne2 f6 25. Be3 Kf7 26. Ra4 Rhc8 27. g5 c5 28.
dxc5 dxc5 29. Nf4 Nxe3 30. Qxe3 e5 31. Nh5 c4 32. Ra7 c3+ 33. Kb1 1-0

[Event "*** Titled Tuesday Blitz"]
[Site "Chess.com"]
[Date "2020.05.26"]
[Round "1"]
[White "wild_cat99"]
[Black "freshfoodcompany"]
[Result "1-0"]
[WhiteElo "2554"]
[BlackElo "2205"]
[TimeControl "180+1"]
[EndTime "10:06:44 PDT"]
[Termination "wild_cat99 won by resignation"]

1. Nf3 d5 2. e3 c5 3. b3 Nc6 4. Bb2 Nf6 5. Bb5 e6 6. O-O Be7 7. d4 O-O 8. dxc5 Bxc5 9. Ne5 Nxe5 10. Bxe5 Bd7 11. Be2 Bc6 12. Nd2 Nd7 13. Bb2 Bd6 14. c4 Qg5 15. Nf3 Qg6 16. Nd4 Nf6 17. Rc1 e5 18. Nxc6 bxc6 19. cxd5 cxd5 20. Rc6 Rfd8 21.
Qd2 Ne4 22. Qxd5 Nf6 23. Qc4 e4 24. Rd1 Ng4 25. Bxg4 Bxh2+ 26. Kxh2 Qxg4 27. Rxd8+ Rxd8 28. Bd4 Qh5+ 29. Kg1 Qd1+ 30. Qf1 Qd2 31. Qa1 Qe2 32. Rc1 Qg4 33. Bxa7 Ra8 34. Qd4 Qg5 35. Qxe4 Rd8 36. Bb6 Qh6 37. Bxd8 1-0

[Event "*** Titled Tuesday Blitz"]
[Site "Chess.com"]
[Date "2020.05.26"]
[Round "1"]
[White "Ural_bogatyr"]
[Black "chito89"]
[Result "0-1"]
[WhiteElo "2366"]
[BlackElo "2732"]
[TimeControl "180+1"]
[EndTime "10:06:45 PDT"]
[Termination "chito89 won by resignation"]

1. e4 c5 2. Nf3 e6 3. c3 Nf6 4. e5 Nd5 5. d4 cxd4 6. Qxd4 Nc6 7. Qe4 f5 8. Qe2 b5 9. g3 Be7 10. Bg2 a5 11. O-O Ba6 12. Rd1 Qc7 13. h4 h6 14. Nbd2 O-O 15. Nb3 a4 16. Nbd4 a3 17. Nxc6 Qxc6 18. Nd4 Qc5 19. Nb3 Qc4 20. Qe1 axb2 21. Bxb2 Bb7 22. Rd4 Qc7 23. Qc1 Ra4 24. Rxa4 bxa4 25. Nd4 f4 26. Ba3 Bxa3 27. Qxa3 fxg3 28.
fxg3 Ne3 29. Bxb7 Qxb7 0-1

[Event "*** Titled Tuesday Blitz"]
[Site "Chess.com"]
[Date "2020.05.26"]
[Round "1"]
[White "CarrotsandPizza"]
[Black "EvgenyRomanov"]
[Result "1-0"]
[WhiteElo "2362"]
[BlackElo "2666"]
[TimeControl "180+1"]
[EndTime "10:06:45 PDT"]
[Termination "CarrotsandPizza won on time"]

1. e4 e5 2. Nf3 Nc6 3. Nc3 g6 4.
d4 exd4 5. Nd5 Bg7 6. Bg5 Nce7 7. Bc4 h6 8. Bh4 c6 9. Nxe7 Nxe7 10. O-O g5 11. Bg3 Qb6 12. c3 d5 13. exd5 cxd5 14.
Bb3 dxc3 15. bxc3 O-O 16. Re1 Ng6 17. Nd4 Qc5 18. Qd3 Bd7 19. Nf5 Bxf5 20. Qxf5 Rad8 21. Rad1 Ne7 22. Qd3 b5 23. h4 a6 24. hxg5 hxg5 25.
Be5 Ng6 26. Bxg7 Kxg7 27. Qf5 f6 28. Bc2 1-0

[Event "*** Titled Tuesday Blitz"]
[Site "Chess.com"]
[Date "2020.05.26"]
[Round "1"]
[White "gmjoey1"]
[Black "PawnEatingZombie"]
[Result "1-0"]
[WhiteElo "2591"]
[BlackElo "2249"]
[TimeControl "180+1"]
[EndTime "10:06:45 PDT"]
[Termination "gmjoey1 won on time"]

1. e4 c6 2. Nc3 d5 3. Nf3 dxe4 4. Nxe4 Nf6 5. Qe2 Nxe4 6. Qxe4 Qa5 7. Bc4 Bf5 8. Qe2 e6 9. c3 Be7 10. d4 O-O 11. O-O Nd7 12. h3 Bg6 13. Bf4 Rac8 14. b4 Qf5 15. Bg3 Qe4 16. Rfe1 Qxe2 17. Rxe2 b6 18. a4 Rfd8 19. a5 Nf6 20. Ba6 Ne4 21. Bxc8 Rxc8 22. axb6 axb6 23. Ra7 Bf8 24. Re3 c5 25.
bxc5 bxc5 26. Ne5 Nxg3 27. fxg3 cxd4 28. cxd4 Bd6 29. Kh2 Bxe5 30. dxe5 h5 31. Ra4 Rc5 32. g4 hxg4 33. Rxg4 Bf5 34. Ra4 Kh7 35. Ra7 Bg6 36.
g4 Rc1 37. h4 Rf1 38. Kg3 Bc2 39. Rf3 Rxf3+ 40. Kxf3 Kg8 41. Kf4 Bb3 42. h5 Bd5 43.
Kg5 Bc4 44. h6 gxh6+ 45. Kxh6 Kf8 46. Kh7 Bd3+ 47. Kh8 Bg6 48. Ra8+ Ke7 49. Kg7 1-0

[Event "*** Titled Tuesday Blitz"]
[Site "Chess.com"]
[Date "2020.05.26"]
[Round "1"]
[White "VladDobrov"]
[Black "Thipsay"]
[Result "0-1"]
[WhiteElo "2755"]
[BlackElo "2430"]
[TimeControl "180+1"]
[EndTime "10:06:46 PDT"]
[Termination "Thipsay won by resignation"]

1. d4 Nf6 2. c4 g6 3. Nc3 Bg7 4. e4 d6 5. Be2 O-O 6. Nf3 e5 7. O-O Nc6 8. d5 Ne7 9. b4 a5 10. Ba3 axb4 11. Bxb4 Re8 12. c5 Nh5 13. g3 f5 14. Nd2 Nf6 15. cxd6 cxd6 16. Nc4 Ra6 17. f3 fxe4 18. fxe4 Bh3 19. Rf2 Rf8 20. a4 Ne8 21. Rxf8+ Bxf8 22. Bg4 Bxg4 23. Qxg4 Ng7 24. Nb5 Nc8 25.
a5 Ra8 26. Rf1 Be7 27. Qf3 h5 28. Qf7+ Kh7 29. Bc3 Na7 30. Nxa7 Rxa7 31. Kg2 Ra8 32. Nxe5 dxe5 33. Bxe5 Qf8 34. d6 Bxd6 35. Bxg7 Qxg7 36. Qd5 Rf8 37. Qxd6 Qb2+ 38. Kh3 Rxf1 39. e5 Rf7 40. e6 Rg7 41. e7 Qe2 0-1

[Event "*** Titled Tuesday Blitz"]
[Site "Chess.com"]
[Date "2020.05.26"]
[Round "1"]
[White "jacky72"]
[Black "isla88"]
[Result "0-1"]
[WhiteElo "2639"]
[BlackElo "2321"]
[TimeControl "180+1"]
[EndTime "10:06:46 PDT"]
[Termination "isla88 won by checkmate"]

1. d4 Nf6 2. c4 e5 3. dxe5 Ng4 4. Bf4 g5 5. Bg3 Bg7 6. Nf3 Nc6 7. Nc3 Ngxe5 8. Nxe5 Nxe5 9. e3 d6 10. Be2 Be6 11. Nd5 O-O 12. h4 c6 13. Nc3 Nxc4 14.
Bxc4 Bxc4 15. hxg5 Qxg5 16. Qxd6 Rad8 17. Qf4 Qc5 18.
Rc1 Rd7 19. Qh4 Rfd8 20. Qxh7+ Kf8 21. Rh5 Qb4 22. Be5 f6 23. Rf5 Qxb2 24. Rxf6+ Bxf6 25. Qh6+ Kg8 26. Qg6+ Bg7 27. Rc2 Qb1+ 28. Nxb1 Rd1# 0-1